 Dungeon Crawl Stone Soup version 0.17.0-28-g6e173f8 (console) character file.

57 Kloppie the Firebug (level 4, -3/36 HPs)
             Began as a Naga Fire Elementalist on Dec 2, 2015.
             Slain by a gnoll
             ... wielding a +0 spear
              (6 damage)
             ... on level 2 of the Dungeon.
             The game lasted 00:03:20 (2010 turns).

Kloppie the Firebug (Naga Fire Elementalist)        Turns: 2010, Time: 00:03:20

Health: -3/36      AC:  2    Str: 10    XL:     4   Next: 0%
Magic:  0/7        EV: 10    Int: 16    God:
Gold:   89         SH:  0    Dex: 12    Spells: 2 memorised, 3 levels left

rFire  . . .     SeeInvis +     l - +0 flail
rCold  . . .     Clarity  .     a - +0 robe
rNeg   . . .     SustAt   .     (no shield)
rPois  +         Gourm    .     (no helmet)
rElec  .         Spirit   .     (no cloak)
rCorr  .         Warding  .     (no gloves)
rMut   .         Stasis   .     (no barding)
MR     .....                    (no amulet)
Stlth  ++........               (no ring)
                                (no ring)

@: very slightly contaminated, very slow, not resistant to hostile enchantments,
unstealthy
A: see invisible, deformed body, poison resistance, slowness 2, slow metabolism
1, spit poison 2, AC +1
a: Spit Poison


You were on level 2 of the Dungeon.
You were not hungry.

You visited 1 branch of the dungeon, and saw 2 of its levels.

You collected 89 gold pieces.

Inventory:

Hand Weapons
 d - a +0 dagger
 l - a +0 flail (weapon)
Armour
 a - a +0 robe (worn)
Jewellery
 f - a cursed +2 ring of intelligence {unknown}
 j - an uncursed amulet of faith {unknown}
Scrolls
 g - a scroll of fear {unknown}
 h - a scroll of noise {unknown}
 i - a scroll of teleportation {unknown}
 n - a scroll of blinking {unknown}
Potions
 e - 2 potions of cancellation {unknown}
 m - a potion of lignification {unknown}
Books
 b - a book of Flames

   Spells                             Type                      Level
   a - Flame Tongue                   Conjuration/Fire             1
   b - Throw Flame                    Conjuration/Fire             2
   c - Conjure Flame                  Conjuration/Fire             3
   d - Inner Flame                    Hexes/Fire                   3
   e - Sticky Flame                   Conjuration/Fire             4
   f - Fireball                       Conjuration/Fire             5
Comestibles
 c - a bread ration
 k - 4 chunks of flesh


   Skills:
 - Level 1.5 Dodging
 - Level 3.0 Stealth
 - Level 2.0 Spellcasting
 + Level 2.8 Conjurations
 + Level 3.8 Fire Magic


You had 3 spell levels left.
You knew the following spells:

 Your Spells              Type           Power        Failure   Level  Hunger
a - Flame Tongue          Conj/Fire      ##...        8%          1    #......
b - Conjure Flame         Conj/Fire      ##......     17%         3    ###....


Dungeon Overview and Level Annotations

Branches:
Dungeon (2/15)

Altars:


Innate Abilities, Weirdness & Mutations

You cannot wear boots.
Your serpentine skin is tough (AC +1).
You have supernaturally acute eyesight.
Armour fits poorly on your strangely shaped body.
Your system is resistant to poisons.
You cover ground very slowly.
You have a slow metabolism.
You can spit poison.


Message History

Press: ? - help, Shift-Dir - straight line, f/p - gnoll
Aim: a gnoll, wielding a halberd (lightly wounded)
The flame tongue hits the gnoll.
The gnoll is lightly wounded.
Casting: Flame Tongue
Confirm with . or Enter, or press ? or * to list all spells.
Aiming: Flame Tongue
Press: ? - help, Shift-Dir - straight line, f/p - gnoll
Aim: a gnoll, wielding a halberd (lightly wounded)
The flame tongue hits the gnoll.
The gnoll is almost dead.
The gnoll hits you from afar with a halberd!
* * * LOW HITPOINT WARNING * * *
The gnoll hits you with a spear!
* * * LOW HITPOINT WARNING * * *
The gnoll shouts!
You hit the gnoll but do no damage.
The gnoll is almost dead.
The gnoll hits you with a spear.
You die...

#..####.#......##.##. #.#.#..##
###..# #.#......##)# ..#.#.#....
.....# #.#......##.# #.#.......[
###..####.##.###.##.###.#.#.#....
.................................
....[........###g#.g###..........
................g...#####..รท#....
.....#######.###g#...............
.##.########.# #@#..##.##........
.##..........# #.#..##.##........
....########## #.#............##.
....# #....##<##..#####. .##.#
#...###.##..#####. .##.#####
#####<................ ........#
#.......###.##.######. .##.#####
#.###.#.# #.##.# #. .#### #.#
#.#.# #.##.######.


You could see 3 gnolls.

Vanquished Creatures
  2 gnolls (D:2)
  An ooze (D:2)
  A worm (D:2)
  3 giant geckos
  6 bats
  A giant cockroach (D:1)
  A goblin (D:1)
  2 hobgoblins (D:1)
  3 jackals (D:1)
  3 giant newts (D:1)
  3 kobolds
  3 rats (D:1)
29 creatures vanquished.

Notes
Turn   | Place    | Note
--------------------------------------------------------------
     0 | D:1      | Kloppie the Naga Fire Elementalist began the quest for the Orb.
     0 | D:1      | Reached XP level 1. HP: 15/15 MP: 3/3
   418 | D:1      | Reached XP level 2. HP: 14/22 MP: 3/5
  1218 | D:1      | Reached XP level 3. HP: 20/28 MP: 4/6
  1432 | D:1      | Learned a level 3 spell: Conjure Flame
  1955 | D:2      | Reached XP level 4. HP: 36/36 MP: 0/7
  2010 | D:2      | Slain by a gnoll

Action                   |  1- 3 |  4- 6 || total
-------------------------+-------+-------++-------
Melee: Dagger            |    49 |       ||    49
       Flail             |     2 |     1 ||     3
 Cast: Flame Tongue      |    31 |     5 ||    36
       Conjure Flame     |     1 |       ||     1
 Abil: Spit Poison       |     3 |       ||     3
 Stab: Sleeping          |     5 |       ||     5
  Eat: Chunk             |     3 |       ||     3
